PIO (24 & UNDER)
JASPER COUGARS @ SASKATOON SMOKIN' GUNS
04/16/2030
 
TOP OF THE 1ST
Jasper Cougars batting - Pitching for Saskatoon Smokin' Guns : LHP Pedro González
Pitching: LHP Pedro González
Batting: RHB Ben Wilson 0-0: Fly out, F8 (Flyball, 8LM)
Batting: RHB Alberto Castillo 0-0: Ball
1-0: Fly out, F8 (Flyball, 78D)
Batting: LHB Iván Soriano 0-0: Ball
1-0: Ball
2-0: Ball
3-0: Called Strike
3-1: Foul Ball, location: 2F
3-2: Foul Ball, location: 2F
3-2: Ground out 1-3 (Groundball, 15S)
Top of the 1st over - 0 runs, 0 hits, 0 errors, 0 left on base; Jasper 0 - Saskatoon 0
BOTTOM OF THE 1ST
Saskatoon Smokin' Guns batting - Pitching for Jasper Cougars : RHP Randy Rivera
Pitching: RHP Randy Rivera
Batting: RHB Júlio Durán 0-0: Swinging Strike
0-1: Foul Ball, location: 2F
0-2: Foul Ball, location: 2F
0-2: Ball
1-2: Foul Ball, location: 2F
1-2: DOUBLE (Line Drive, 8RD)
Batting: LHB Rubén Salazar 0-0: SINGLE (Groundball, 34S) (infield hit)
Júlio Durán to third
Batting: RHB Juan Alvarado 0-0: Ball
1-0: Called Strike
1-1: Fly out, F8 (Flyball, 8RS)
Runner from 3rd tags up, SCORES, throw made
Batting: RHB Lyle Johnston 0-0: Ball
Rubén Salazar steals 2nd base
1-0: DOUBLE (Flyball, 89D)
Rubén Salazar scores
Batting: RHB Artie Turner 0-0: Called Strike
0-1: Foul Ball, location: 2F
0-2: Ball
1-2: Fly out, F7 (Line Drive, 7)
Batting: RHB Luis Suárez 0-0: Called Strike
0-1: Swinging Strike
0-2: Foul Ball, location: 2F
0-2: Ball
1-2: Strikes out looking
Bottom of the 1st over - 2 runs, 3 hits, 0 errors, 1 left on base; Jasper 0 - Saskatoon 2
TOP OF THE 2ND
Jasper Cougars batting - Pitching for Saskatoon Smokin' Guns : LHP Pedro González
Batting: LHB Luis García 0-0: Ball
1-0: Foul Ball, location: 2F
1-1: Ball
2-1: Called Strike
2-2: Fly out, F8 (Flyball, 8LD)
Batting: RHB Donald Fenner 0-0: Foul Ball, location: 2F
0-1: Fly out, F7 (Flyball, 78D)
Batting: LHB John Miller 0-0: Called Strike
0-1: Ball
1-1: Ball
2-1: Foul Ball, location: 2F
2-2: Ground out 6-3 (Groundball, 6M)
Top of the 2nd over - 0 runs, 0 hits, 0 errors, 0 left on base; Jasper 0 - Saskatoon 2
BOTTOM OF THE 2ND
Saskatoon Smokin' Guns batting - Pitching for Jasper Cougars : RHP Randy Rivera
Batting: RHB Mike Ratzlaff 0-0: Ball
1-0: Ball
2-0: Ball
3-0: Called Strike
3-1: Swinging Strike
3-2: Strikes out swinging
Batting: RHB Juan Cardenas 0-0: Swinging Strike
0-1: Ball
1-1: SINGLE (Line Drive, 89S)
Batting: SHB Mathew Olson 0-0: Foul Ball, location: 2F
0-1: Ball
1-1: Called Strike
1-2: Ball
2-2: Foul Ball, location: 2F
2-2: Foul Ball, location: 2F
2-2: Ball
3-2: Grounds into double play, 6-4-3 (Groundball, 6)
Bottom of the 2nd over - 0 runs, 1 hit, 0 errors, 0 left on base; Jasper 0 - Saskatoon 2
TOP OF THE 3RD
Jasper Cougars batting - Pitching for Saskatoon Smokin' Guns : LHP Pedro González
Batting: SHB Kel Davis 0-0: Ball
1-0: Called Strike
1-1: Ball
2-1: Called Strike
2-2: Foul Ball, location: 2F
2-2: DOUBLE (Line Drive, 7D)
Batting: RHB Alberto Morín 0-0: Ground out 6-3 (Groundball, 6)
Batting: SHB Jerry Young 0-0: Called Strike
0-1: Swinging Strike
0-2: Strikes out swinging
Batting: RHB Ben Wilson 0-0: Ball
1-0: Ball
2-0: Ball
3-0: Foul Ball, location: 2F
3-1: Base on Balls
Batting: RHB Alberto Castillo 0-0: Ground out 5-3 (Groundball, 56S)
Top of the 3rd over - 0 runs, 1 hit, 0 errors, 2 left on base; Jasper 0 - Saskatoon 2
BOTTOM OF THE 3RD
Saskatoon Smokin' Guns batting - Pitching for Jasper Cougars : RHP Randy Rivera
Batting: RHB Júlio Durán 0-0: Called Strike
0-1: Called Strike
0-2: Ball
1-2: SINGLE (Groundball, 34S) (infield hit)
Batting: LHB Rubén Salazar 0-0: Ball
1-0: TRIPLE (Line Drive, 78XD)
Júlio Durán scores
Batting: RHB Juan Alvarado 0-0: Ground out 6-3 (Groundball, 6)
Rubén Salazar scores
Batting: RHB Lyle Johnston 0-0: Swinging Strike
0-1: Ball
1-1: Fly out, F9 (Flyball, 89D)
Batting: RHB Artie Turner 0-0: Called Strike
0-1: Called Strike
0-2: Strikes out swinging
Bottom of the 3rd over - 2 runs, 2 hits, 0 errors, 0 left on base; Jasper 0 - Saskatoon 4
TOP OF THE 4TH
Jasper Cougars batting - Pitching for Saskatoon Smokin' Guns : LHP Pedro González
Batting: LHB Iván Soriano 0-0: Fly out, F7 (Flyball, 7D)
Batting: LHB Luis García 0-0: Ball
1-0: Ball
2-0: Called Strike
2-1: Foul Ball, location: 2F
2-2: Ground out 4-3 (Groundball, 4)
Batting: RHB Donald Fenner 0-0: Ball
1-0: Ball
2-0: Ball
3-0: Called Strike
3-1: Fly out, F8 (Flyball, 8LM)
Top of the 4th over - 0 runs, 0 hits, 0 errors, 0 left on base; Jasper 0 - Saskatoon 4
BOTTOM OF THE 4TH
Saskatoon Smokin' Guns batting - Pitching for Jasper Cougars : RHP Randy Rivera
Batting: RHB Luis Suárez 0-0: Foul Ball, location: 2F
0-1: Foul Ball, location: 2F
0-2: Ground out 3-1 (Groundball, 34)
Batting: RHB Mike Ratzlaff 0-0: SINGLE (Groundball, 4MD)
Batting: RHB Juan Cardenas 0-0: Ball
1-0: Swinging Strike
1-1: Foul Ball, location: 2F
1-2: Grounds into double play, 4-6-3 (Groundball, 4)
Bottom of the 4th over - 0 runs, 1 hit, 0 errors, 0 left on base; Jasper 0 - Saskatoon 4
TOP OF THE 5TH
Jasper Cougars batting - Pitching for Saskatoon Smokin' Guns : LHP Pedro González
Batting: LHB John Miller 0-0: Foul Ball, location: 2F
0-1: Foul Ball, location: 2F
0-2: Strikes out looking
Batting: SHB Kel Davis 0-0: Called Strike
0-1: Foul Ball, location: 2F
0-2: Strikes out swinging
Batting: RHB Alberto Morín 0-0: Foul Ball, location: 2F
0-1: Foul Ball, location: 2F
0-2: Strikes out swinging
Top of the 5th over - 0 runs, 0 hits, 0 errors, 0 left on base; Jasper 0 - Saskatoon 4
BOTTOM OF THE 5TH
Saskatoon Smokin' Guns batting - Pitching for Jasper Cougars : RHP Randy Rivera
Batting: SHB Mathew Olson 0-0: Called Strike
0-1: Swinging Strike
0-2: Ball
1-2: Strikes out looking
Batting: RHB Júlio Durán 0-0: Ball
1-0: Ball
2-0: Ball
3-0: Called Strike
3-1: Ground out 4-3 (Groundball, 34)
Batting: LHB Rubén Salazar 0-0: Ball
1-0: Called Strike
1-1: Ball
2-1: Called Strike
2-2: Ball
3-2: Base on Balls
Batting: RHB Juan Alvarado 0-0: Called Strike
Rubén Salazar steals 2nd base
0-1: Ball
1-1: Ground out 5-3 (Groundball, 56)
Bottom of the 5th over - 0 runs, 0 hits, 0 errors, 1 left on base; Jasper 0 - Saskatoon 4
TOP OF THE 6TH
Jasper Cougars batting - Pitching for Saskatoon Smokin' Guns : LHP Pedro González
Batting: SHB Jerry Young 0-0: SOLO HOME RUN (Flyball, 7LD), Distance : 413 ft
Batting: RHB Ben Wilson 0-0: Swinging Strike
0-1: Ball
1-1: Swinging Strike
1-2: Strikes out swinging
Batting: RHB Alberto Castillo 0-0: Called Strike
0-1: Ball
1-1: Ground out 5-3 (Groundball, 56)
Batting: LHB Iván Soriano 0-0: Swinging Strike
0-1: Foul Ball, location: 2F
0-2: Ball
1-2: DOUBLE (Line Drive, 78D)
Batting: LHB Luis García 0-0: Called Strike
0-1: Called Strike
0-2: Strikes out swinging
Top of the 6th over - 1 run, 2 hits, 0 errors, 1 left on base; Jasper 1 - Saskatoon 4
BOTTOM OF THE 6TH
Saskatoon Smokin' Guns batting - Pitching for Jasper Cougars : RHP Randy Rivera
Batting: RHB Lyle Johnston 0-0: Called Strike
0-1: Swinging Strike
0-2: Fly out, F8 (Flyball, 8RS)
Batting: RHB Artie Turner 0-0: Called Strike
0-1: Ground out 5-3 (Groundball, 56)
Batting: RHB Luis Suárez 0-0: Ball
1-0: Foul Ball, location: 2F
1-1: Ball
2-1: Ball
3-1: Ground out 6-3 (Groundball, 6)
Bottom of the 6th over - 0 runs, 0 hits, 0 errors, 0 left on base; Jasper 1 - Saskatoon 4
TOP OF THE 7TH
Jasper Cougars batting - Pitching for Saskatoon Smokin' Guns : LHP Pedro González
Batting: RHB Donald Fenner 0-0: Foul Ball, location: 2F
0-1: Swinging Strike
0-2: Foul Ball, location: 2F
0-2: Fly out, F6 (Line Drive, 6)
Batting: LHB John Miller 0-0: Called Strike
0-1: Foul Ball, location: 2F
0-2: SINGLE (Groundball, 4D)
Batting: SHB Kel Davis 0-0: Ball
1-0: Called Strike
1-1: Called Strike
1-2: Strikes out swinging
Batting: RHB Alberto Morín 0-0: Fielders Choice at 2nd, 6-4 (Groundball, 6)
Top of the 7th over - 0 runs, 1 hit, 0 errors, 1 left on base; Jasper 1 - Saskatoon 4
BOTTOM OF THE 7TH
Saskatoon Smokin' Guns batting - Pitching for Jasper Cougars : RHP Randy Rivera
Pitching: LHP Alberto Guerra
Batting: RHB Mike Ratzlaff 0-0: Ball
1-0: Ball
2-0: SINGLE (Flyball, 9LS)
Batting: RHB Juan Cardenas 0-0: Ball
1-0: Ball
2-0: Called Strike
2-1: Fly out, F7 (Flyball, 7LM)
Batting: SHB Mathew Olson 0-0: Ball
1-0: Called Strike
1-1: Ball
2-1: Foul Ball, location: 2F
2-2: Foul Ball, location: 2F
2-2: Ball
3-2: Fly out, F9 (Flyball, 9D)
Batting: RHB Júlio Durán 0-0: Ball
1-0: Called Strike
1-1: Ball
2-1: Ball
3-1: Base on Balls
Mike Ratzlaff to second
Batting: LHB Rubén Salazar 0-0: Ground out 4-3 (Groundball, 4)
Bottom of the 7th over - 0 runs, 1 hit, 0 errors, 2 left on base; Jasper 1 - Saskatoon 4
TOP OF THE 8TH
Jasper Cougars batting - Pitching for Saskatoon Smokin' Guns : LHP Pedro González
Batting: SHB Jerry Young 0-0: Ball
1-0: Called Strike
1-1: Foul Ball, location: 2F
1-2: Ball
2-2: Strikes out swinging
Batting: RHB Ben Wilson 0-0: Ball
1-0: Called Strike
1-1: Fly out, F1 (Line Drive, 15S)
Batting: RHB Alberto Castillo 0-0: Foul Ball, location: 2F
0-1: TRIPLE (Line Drive, 8RXD)
Batting: LHB Iván Soriano 0-0: Swinging Strike
0-1: Foul Ball, location: 2F
0-2: Foul Ball, location: 2F
0-2: Strikes out looking
Top of the 8th over - 0 runs, 1 hit, 0 errors, 1 left on base; Jasper 1 - Saskatoon 4
BOTTOM OF THE 8TH
Saskatoon Smokin' Guns batting - Pitching for Jasper Cougars : LHP Alberto Guerra
Batting: RHB Juan Alvarado 0-0: Ball
1-0: Called Strike
1-1: Ground out 5-3 (Groundball, 56)
Batting: RHB Lyle Johnston 0-0: Ball
1-0: Ball
2-0: Called Strike
2-1: Ball
3-1: Called Strike
3-2: Base on Balls
Batting: RHB Artie Turner Pickoff Throw to First - Error! E1
Lyle Johnston to second
0-0: Ball
1-0: Ball
2-0: Called Strike
Lyle Johnston steals 3rd base
Error on foul ball, E9
2-2: Ball
3-2: SINGLE (Groundball, 6MD)
Lyle Johnston scores
Batting: RHB Luis Suárez 0-0: Swinging Strike
0-1: Ball
1-1: Ball
2-1: Ball
3-1: Swinging Strike
3-2: Foul Ball, location: 2F
3-2: Base on Balls
Artie Turner to second
Batting: RHB Mike Ratzlaff 0-0: Swinging Strike
0-1: Hit by Pitch
Artie Turner to third
Luis Suárez to second
Batting: RHB Juan Cardenas 0-0: Ball
1-0: Ball
2-0: Ball
3-0: Called Strike
3-1: Base on Balls
Artie Turner scores
Luis Suárez to third
Mike Ratzlaff to second
Pitching: RHP Mario Pagán
Batting: SHB Mathew Olson 0-0: Swinging Strike
0-1: Called Strike
0-2: Ball
1-2: Foul Ball, location: 2F
1-2: Strikes out swinging
Batting: RHB Júlio Durán 0-0: Foul Ball, location: 2F
0-1: Foul Ball, location: 2F
0-2: Ball
1-2: Strikes out swinging
Bottom of the 8th over - 2 runs, 1 hit, 2 errors, 3 left on base; Jasper 1 - Saskatoon 6
TOP OF THE 9TH
Jasper Cougars batting - Pitching for Saskatoon Smokin' Guns : LHP Pedro González
Now in LF: Rafael Gonzáles
Batting: LHB Luis García 0-0: Ball
1-0: Called Strike
1-1: Swinging Strike
1-2: Foul Ball, location: 2F
1-2: Ball
2-2: Ball
3-2: Strikes out looking
Batting: RHB Donald Fenner 0-0: Foul Ball, location: 2F
0-1: Ball
1-1: Swinging Strike
1-2: Foul Ball, location: 2F
1-2: Ball
2-2: Foul Ball, location: 2F
2-2: Foul Ball, location: 2F
2-2: Strikes out swinging
Batting: LHB John Miller 0-0: Ball
1-0: Fly out, F8 (Flyball, 89XD)
Top of the 9th over - 0 runs, 0 hits, 0 errors, 0 left on base; Jasper 1 - Saskatoon 6
Saturday, April 7th, 2018 - OOTP Baseball 18.8 Build 76